 Dungeon Crawl Stone Soup version 0.30-a0-622-gddc90eaa04 (webtiles) character file.

Game seed: 12136072915415974203

9268 freelancePsychic the Fighter (level 11, -4/101 HPs)
             Began as a Yellow Draconian Air Elementalist on Jan 10, 2023.
             Was an Elder of Vehumet.
             Killed by an exploding sixfirhy (42 damage)
             ... ignited by their inner flame
             ... in a Gauntlet.
             The game lasted 00:26:03 (14160 turns).

freelancePsychic the Fighter (DrAE)                Turns: 14160, Time: 00:26:04

Health: -4/101     AC: 11    Str: 11    XL:     11   Next: 20%
Magic:  23/23      EV: 17    Int: 20    God:    Vehumet [****..]
Gold:   576        SH:  0    Dex: 11    Spells: 15/27 levels left

rFire   . . .      SeeInvis .    f - staff of air
rCold   + . .      Faith    .    (no shield)
rNeg    . . .      Spirit   .    (body armour unavailable)
rPois   .          Reflect  .    (helmet restricted)
rElec   +          Harm     .    d - +0 cloak
rCorr   +          Rampage  .    (no gloves)
Will    +....      NoTele   +    e - +2 pair of boots
Stlth   ++                       (no amulet)
HPRegen 0.36/turn                l - +5 ring of evasion
MPRegen 0.18/turn                D - ring "Juylam" {Fly rC+ Will+ Slay+3}

@: on berserk cooldown, flying, slowed, invisible, very slow
A: spit acid, AC +7, unfitting armour, cold-blooded, acid resistance, big wings,
horns 1, screaming 1, noise suppression
a: Breathe Acid, Renounce Religion


You were in a Gauntlet.
You worshipped Vehumet.
Vehumet was greatly pleased with you.
You visited 2 branches of the dungeon, and saw 12 of its levels.
You also visited: Gauntlet.

You collected 576 gold pieces.

Inventory:

Hand Weapons
 i - a +4 dagger of venom
Missiles
 F - a throwing net
Armour
 d - a +0 cloak (worn)
 e - a +2 pair of boots (worn)
 s - a +0 tower shield
 G - a +2 cloak
Magical Staves
 f - a staff of air (weapon)
Jewellery
 h - a ring of wizardry
 l - a +5 ring of evasion (left hand)
 t - a ring of positive energy
 D - the ring "Juylam" (right hand) {Fly rC+ Will+ Slay+3}
   (You found it on level 10 of the Dungeon)

   [ring of protection from cold]

   Slay:      It affects your accuracy & damage with ranged weapons and melee
   (+3).
   rC:        It protects you from cold.
   Fly:       It grants you flight.
   Will:      It increases your willpower.
Wands
 b - a wand of roots (3)
 B - a wand of paralysis (11)
Scrolls
 c - 2 scrolls of enchant weapon
 j - 4 scrolls of vulnerability
 m - 5 scrolls of noise
 n - a scroll of enchant armour
 v - a scroll of magic mapping
 w - a scroll of fog
 y - 8 scrolls of teleportation {@r4}
Potions
 a - 2 potions of magic
 g - 14 potions of degeneration
 k - 4 potions of berserk rage
 o - a potion of curing {@q1}
 p - 2 potions of might {unknown}
 q - 2 potions of mutation
 u - a potion of flight {unknown}
 x - a potion of lignification {unknown}
 z - a potion of heal wounds {unknown}
 E - a potion of attraction {unknown}


   Skills:
 + Level 10.3 Fighting
 - Level 1.7 Dodging
 - Level 3.0 Stealth
 + Level 8.5 Spellcasting
 + Level 5.3 Conjurations
 + Level 3.0 Transmutations
 - Level 3.4 Ice Magic
 - Level 9.0 Air Magic
 - Level 2.8 Poison Magic


You had 15 spell levels left.
You knew the following spells:

 Your Spells              Type           Power      Damage    Failure   Level
a - Shock                 Conj/Air       100%       1d9       1%          1
b - Static Discharge      Conj/Air       100%       2-7/arc   1%          2
c - Airstrike             Air            30%        2d(5-21)  1%          4
e - Freezing Cloud        Conj/Ice/Air   24%        6-21      5%          5

Your spell library contained the following spells:

 Spells                   Type           Power      Damage    Failure   Level
 Poisonous Vapours        Pois/Air       96%        N/A       1%          2
 Frozen Ramparts          Ice            44%        1d7       1%          3
 Kindle Blastsparks       Fire/Tloc/Air  60%        2d15      1%          3
 Mephitic Cloud           Conj/Pois/Air  47%        N/A       1%          3
 Swiftness                Air            61%        N/A       1%          3
 Cigotuvi's Dreadful Rot  Necr/Pois/Air  72%        N/A       2%          2
 Dazzling Flash           Conj/Hex       38%        N/A       2%          3
 Scorch                   Fire           16%        2d5       3%          2
 Ignite Poison            Fire/Tmut/Pois 16%        N/A       3%          3
 Sticky Flame             Conj/Fire      19%        2d4       7%          4
 Iskenderun's Battlesphe  Conj           29%        2d8       7%          5
 Slow                     Hex            32%        N/A       9%          1
 Irradiate                Conj/Tmut      12%        3d15      11%         5
 Sublimation of Blood     Necr           8%         N/A       12%         2
 Ice Form                 Ice/Tmut       21%        N/A       22%         4
 Confusing Touch          Hex            8%         N/A       24%         3
 Vampiric Draining        Necr           8%         2d6       24%         3
 Silence                  Hex/Air        19%        N/A       34%         5
 Summon Ice Beast         Ice/Summ       15%        N/A       36%         4
 Petrify                  Tmut/Erth      14%        N/A       38%         4
 Eringya's Noxious Bog    Tmut/Pois      10%        N/A       63%         6
 Iron Shot                Conj/Erth      9%         9d3       67%         6
 Agony                    Necr           8%         N/A       92%         5
 Spellforged Servitor     Conj/Summ      9%         N/A       99%         7


Dungeon Overview and Level Annotations

Branches:
Dungeon (11/15)            Temple (1/1) D:4            Lair (0/5) D:11
    Orc (0/2) D:10        Gauntlet (1/1)

Altars:
Ashenzari
Cheibriados
Dithmenos
Elyvilon
Fedhas
Gozag
Hepliaklqana
Kikubaaqudgha
Makhleb
Nemelex Xobeh
Okawaru
Qazlal
Ru
Sif Muna
Trog
Uskayaw
Vehumet
Wu Jian
Xom
Yredelemnul
Zin
The Shining One

Annotations:
D:3 Ijyb, Sigmund
D:6 2 transporters, oldriver's ghost, novice FoWn Gauntlet 4 transporters


Innate Abilities, Weirdness & Mutations

You can spit globs of acid.
Your golden yellow scales are hard. (AC +7)
You cannot fit into any form of body armour.
You are cold-blooded and may be slowed by cold attacks.
You are resistant to acid. (rCorr)
Your large and strong wings let you fly.
You have a pair of small horns on your head.
You occasionally shout uncontrollably at your foes.
You passively dampen the noise of your surroundings.


Message History

Flame seeps out of the sixfirhy.
The sixfirhy is engulfed in poison gas.
The sixfirhy looks as sick as possible!
Flame seeps out of the sixfirhy.
The sixfirhy is engulfed in poison gas.
The sixfirhy looks as sick as possible!
Flame seeps out of the sixfirhy.
The sixfirhy is engulfed in poison gas.
The sixfirhy looks as sick as possible!
Flame seeps out of the sixfirhy.
The sixfirhy is engulfed in poison gas.
The sixfirhy looks as sick as possible!
Flame seeps out of the sixfirhy.
Flame seeps out of the sixfirhy. x2; The sixfirhy is engulfed in poison gas.
The sixfirhy looks as sick as possible!
Flame seeps out of the sixfirhy.
The sixfirhy barely misses you.
The sixfirhy is engulfed in poison gas.
The sixfirhy looks as sick as possible!
Flame seeps out of the sixfirhy.
The sixfirhy hits you but does no damage.
The sixfirhy looks as sick as possible!
The sixfirhy is engulfed in poison gas.
The sixfirhy looks as sick as possible!
Flame seeps out of the sixfirhy.
The sixfirhy closely misses you.
The sixfirhy is engulfed in poison gas.
The sixfirhy looks as sick as possible!
Flame seeps out of the sixfirhy.
The sixfirhy misses you. The sixfirhy completely misses you.
The sixfirhy is engulfed in poison gas.
The sixfirhy looks as sick as possible!
Flame seeps out of the sixfirhy.
The sixfirhy barely misses you.
The sixfirhy hits you but does no damage.
The sixfirhy is engulfed in poison gas.
The sixfirhy looks as sick as possible!
Flame seeps out of the sixfirhy.
The sixfirhy hits you. The sixfirhy shocks you. You resist.
The sixfirhy closely misses you.
The sixfirhy is engulfed in poison gas.
The sixfirhy looks as sick as possible!
Flame seeps out of the sixfirhy.
The sixfirhy hits you. The sixfirhy shocks you. You resist.
Flame seeps out of the sixfirhy.
The sixfirhy is engulfed in poison gas.
The sixfirhy looks as sick as possible!
Flame seeps out of the sixfirhy.
The sixfirhy misses you. x2; The sixfirhy barely misses you.
The sixfirhy misses you.
There is a transporter here.
Flame seeps out of the sixfirhy. x2
The sixfirhy is engulfed in blazing flames.
Vehumet accepts your kill.
The sixfirhy explodes!
The fiery explosion engulfs the sixfirhy!!!
Vehumet accepts your kill.
The sixfirhy explodes!
The fiery explosion engulfs you!!!
You die...

##≈.# .# .###.
#≈≈.# .#©^#.#.≈≈
#≈.# #.##.##.≈#
##.##..#..##.##
##..#.##*##x#.≈##
≈≈#...#########.≈≈#
..#...#8○§©#....≈#
..#.8.#§§§.#.8..##
8.#.⌠.#8@§©#....≈##
©.#.8.#########.≈≈#
8.#...#.3!©...#.≈#
©.#...#.......#.##
8.#.8.#.#####.#.≈##
©.#.∩.#...©...#.≈≈#
8.#.8.#.#####.#.≈##
.#...#...3...#.##
...#.......#.≈##


You could see a wretched star, 2 sixfirhies and a small abomination (wandering,
unable to see you).

Vanquished Creatures
  A two-headed ogre (D:9)
  2 sixfirhies (Gauntlet)
  A wizard (Gauntlet)
  A cyclops (D:8)
  Maurice (D:11)
  3 wyverns
  12 yaks
  A steam dragon (D:7)
  A water moccasin (D:5)
  3 orc warriors
  A swamp drake (D:10)
  3 ice beasts
  A sky beast (D:8)
  2 black bears (D:6)
  3 ogres (D:5)
  2 centaurs
  A wolf (D:10)
  3 phantoms
  2 kobold brigands
  2 bullfrogs
  Blork the orc (D:4)
  3 gnoll sergeants
  5 scorpions
  A necrophage (D:6)
  13 wights
  9 killer bees
  A howler monkey (D:7)
  4 hounds
  3 gnoll boudas
  3 jellies
  13 orc priests
  7 orc wizards
  4 iguanas
  9 adders
  34 gnolls
  A shadow imp (D:5)
  4 white imps
  A worm (D:4)
  2 dart slugs (D:2)
  36 orcs
  9 endoplasms
  5 giant cockroaches
  17 hobgoblins
  7 jackals
  4 quokkas
  4 ball pythons
  3 bats
  5 frilled lizards
  17 goblins
  20 kobolds
  7 rats
298 creatures vanquished.

Vanquished Creatures (others)
  A kobold (D:7)
  2 plants (Gauntlet)
3 creatures vanquished.

Grand Total: 301 creatures vanquished

Notes
Turn   | Place    | Note
-------+----------+-------------------------------------------
     0 | D:1      | freelancePsychic the Draconian Air Elementalist began the
                  | quest for the Orb.
     0 | D:1      | Reached XP level 1. HP: 14/14 MP: 3/3
   275 | D:1      | Reached XP level 2. HP: 20/20 MP: 1/5
   848 | D:1      | Learned a level 2 spell: Static Discharge
  1080 | D:1      | Reached XP level 3. HP: 26/26 MP: 4/6
  1587 | D:2      | Got the Guidebook on the Dragon and Nausea
  1858 | D:2      | Reached XP level 4. HP: 33/33 MP: 2/7
  2895 | D:3      | Found a faded altar of an unknown god.
  3012 | D:3      | Reached XP level 5. HP: 38/38 MP: 6/9
  3278 | D:3      | Noticed Sigmund
  3322 | D:3      | Reached skill level 1 in Fighting
  3707 | D:4      | Found a staircase to the Ecumenical Temple.
  3719 | Temple   | Entered the Ecumenical Temple
  3787 | Temple   | Became a worshipper of Vehumet
  3903 | D:4      | Noticed a phantom
  3943 | D:4      | Learned a level 4 spell: Airstrike
  4163 | D:4      | Noticed a phantom
  4256 | D:3      | Noticed Ijyb
  4406 | D:3      | Reached skill level 2 in Fighting
  4417 | D:3      | Reached XP level 6. HP: 48/48 MP: 6/11
  4710 | D:5      | Entered Level 5 of the Dungeon
  4856 | D:5      | Noticed Blork the orc
  4968 | D:5      | Noticed a water moccasin
  4979 | D:4      | Reached skill level 3 in Fighting
  4979 | D:4      | Reached skill level 5 in Air Magic
  5061 | D:4      | Your scales start taking on a golden yellow colour.
  5061 | D:4      | Reached XP level 7. HP: 53/57 MP: 13/13
  5061 | D:4      | Gained mutation: You are resistant to acid. (rCorr) [Yellow
                  | Draconian growth]
  5239 | D:4      | Killed Blork the orc
  5328 | D:4      | Reached skill level 4 in Fighting
  5583 | D:5      | Reached skill level 5 in Fighting
  5770 | D:5      | Reached XP level 8. HP: 69/69 MP: 5/14
  6140 | D:5      | Reached * piety under Vehumet
  6140 | D:5      | Offered knowledge of Freeze by Vehumet.
  6217 | D:5      | Reached skill level 6 in Fighting
  6217 | D:5      | Reached skill level 5 in Spellcasting
  6581 | D:5      | Found a white marble altar of Elyvilon.
  6584 | D:5      | Found a glowing golden altar of the Shining One.
  6589 | D:5      | Found a snail-covered altar of Cheibriados.
  6895 | D:5      | Identified a scroll of acquirement
  6895 | D:5      | Acquired a staff of air
  6948 | D:6      | Noticed oldriver's ghost (novice FoWn)
  6948 | D:6      | Found a transporter.
  7068 | D:6      | Reached skill level 7 in Fighting
  7162 | D:6      | Reached XP level 9. HP: 75/79 MP: 4/17
  7685 | D:6      | Found a transporter.
  8485 | D:7      | Offered knowledge of Foxfire by Vehumet.
  8567 | D:7      | Reached ** piety under Vehumet
  8827 | D:7      | Reached skill level 8 in Fighting
  8838 | D:7      | Reached skill level 1 in Transmutations
  8838 | D:7      | Reached skill level 1 in Poison Magic
 10463 | D:8      | Reached XP level 10. HP: 90/90 MP: 6/20
 10709 | D:8      | Offered knowledge of Poisonous Vapours by Vehumet.
 10879 | D:8      | Noticed a cyclops
 10883 | D:8      | Killed a cyclops
 10884 | D:8      | Reached skill level 1 in Ice Magic
 11315 | D:8      | Learned a level 5 spell: Freezing Cloud
 11370 | D:9      | Reached skill level 9 in Fighting
 11507 | D:9      | Reached *** piety under Vehumet
 11982 | D:9      | Noticed a boulder beetle
 12031 | D:9      | Noticed a two-headed ogre
 12036 | D:9      | Killed a two-headed ogre
 12344 | D:10     | Entered Level 10 of the Dungeon
 12496 | D:10     | Offered knowledge of Hailstorm by Vehumet.
 12642 | D:10     | Identified the ring "Juylam" {Fly rC+ Will+ Slay+3}
 13206 | D:10     | Reached skill level 10 in Fighting
 13213 | D:10     | Reached XP level 11. HP: 99/99 MP: 23/23
 13415 | D:10     | Reached **** piety under Vehumet
 13563 | D:10     | Reached skill level 5 in Conjurations
 13869 | D:10     | Found a staircase to the Orcish Mines.
 13964 | D:11     | Noticed Maurice
 13968 | D:11     | Killed Maurice
 13972 | D:10     | Offered knowledge of Iskenderun's Battlesphere by Vehumet.
 14053 | D:11     | Noticed a two-headed ogre
 14082 | D:11     | Found a gate leading to a gauntlet.
 14089 | Gauntlet | Entered a Gauntlet
 14089 | Gauntlet | Found a transporter.
 14098 | Gauntlet | Found a transporter.
 14098 | Gauntlet | Noticed a wizard
 14104 | Gauntlet | Found a transporter.
 14106 | Gauntlet | Found a transporter.
 14106 | Gauntlet | Noticed a soul eater
 14113 | Gauntlet | Killed a wizard
 14124 | Gauntlet | Found a transporter.
 14124 | Gauntlet | Found a transporter.
 14124 | Gauntlet | Found a transporter.
 14127 | Gauntlet | Noticed a sixfirhy
 14127 | Gauntlet | Noticed a sixfirhy
 14129 | Gauntlet | Noticed a sixfirhy
 14131 | Gauntlet | Noticed a sixfirhy
 14132 | Gauntlet | Found a transporter.
 14132 | Gauntlet | Found a transporter.
 14132 | Gauntlet | Found a transporter.
 14136 | Gauntlet | Noticed a wretched star
 14154 | Gauntlet | Gained mutation: You have a pair of small horns on your
                  | head. [potion of mutation]
 14154 | Gauntlet | Gained mutation: You passively dampen the noise of your
                  | surroundings. [potion of mutation]
 14154 | Gauntlet | Gained mutation: You occasionally shout uncontrollably at
                  | your foes. [potion of mutation]
 14154 | Gauntlet | Gained mutation: Your large and strong wings let you fly.
                  | [potion of mutation]
 14160 | Gauntlet | Killed a sixfirhy
 14160 | Gauntlet | Killed a sixfirhy
 14160 | Gauntlet | Killed by an exploding sixfirhy... ignited by their inner
                  | flame

Illustrated notes

Levels and vault maps discovered:
D:1:      dpeg_arrival_morbid_curiosity, layout_basic
D:2:      cheibrodos_greedy_goblins, layout_loops_ring
D:3:      layout_loops_ring, basic_ecumenical_altar,
          nicolae_concentric_dashed_squares_mild, uniq_sigmund, uniq_ijyb
D:4:      kennysheep_six_static_rooms, layout_rooms,
          minmay_temple_entry_stoned_glass, kennysheep_generic_room_9
D:5:      layout_cave_pools, grunt_temple_overflow_diamond, uniq_blork_the_orc
D:6:      layout_loops_ring, gammafunk_ghost_arena
D:7:      layout_cave_pods, fountainhead, dreamdust_princess_corridor
D:8:      layout_basic
D:9:      layout_roguey, onia_ninara_dug_in_and_dangerous
D:10:     layout_loops_ring, erik_orc_1
D:11:     layout_roguey, david_lair_shrubbed, gauntlet_entry_generic,
          serial_ice, serial_ice_e, serial_ice_j, serial_ice_o, serial_ice_c,
          portal_ice_cave_entry_imps, uniq_maurice
Temple:   compressed_dpeg_triangle_lava_temple
Gauntlet: gammafunk_gauntlet_77_escape_option [minmay_gauntlet_arena_77_museum,
          minmay_gauntlet_arena_77_terracotta_army,
          minmay_gauntlet_arena_77_chump_sandwich,
          minmay_gauntlet_arena_77_tiled_triplets,
          minmay_gauntlet_arena_77_two_lines, gauntlet_exit_watery]

Skill      XL: |  1  2  3  4  5  6  7  8  9 10 11 |
---------------+----------------------------------+-----
Stealth        | 2 3 |  3.0
Spellcasting   | 3 4 5 7 8 |  8.5
Air Magic      | 4 5 6 7 8 9 |  9.0
Fighting       | 2 3 5 7 8 10 | 10.3
Transmutations | 2 3 |  3.0
Poison Magic   | 2 |  2.8
Conjurations   | 4 5 |  5.3
Ice Magic      | 3 |  3.4
Dodging        | |  1.7

Action                   |  1- 3 |  4- 6 |  7- 9 | 10-12 || total
-------------------------+-------+-------+-------+-------++-------
Melee: Unarmed           |    12 |       |       |       ||    12
       Dagger            |    28 |   103 |     2 |       ||   133
       Tailslap          |     5 |    13 |     5 |     4 ||    27
       Punch             |     1 |       |       |       ||     1
       Staff             |       |       |    53 |    20 ||    73
 Cast: Shock             |    80 |    79 |     5 |       ||   164
       Static Discharge  |     2 |     6 |    52 |    24 ||    84
       Airstrike         |       |       |    95 |    68 ||   163
       Freezing Cloud    |       |       |       |     9 ||     9
 Abil: Breathe Acid      |       |       |     4 |    11 ||    15
Evoke: Wand              |       |       |       |     1 ||     1
  Use: Scroll            |     2 |     9 |     2 |     4 ||    17
       Potion            |       |     1 |     1 |     5 ||     7
 Stab: Sleeping          |     1 |     3 |       |       ||     4
       Distracted        |       |     1 |       |       ||     1
Armor: Skin              |    18 |    29 |    33 |    46 ||   126
Dodge: Dodged            |    24 |    97 |   100 |   115 ||   336

Table legend: (Time is in decaauts)
 A = Elapsed time spent in this place.
 B = Non-inter-level travel time spent in this place.
 C = Inter-level travel time spent in this place.
 D = Time resting spent in this place.
 E = Time spent auto-exploring this place.
 F = Levels seen in this place.
 G = Mean time per level.
                   A        B        C        D        E       F      G
               +--------+--------+--------+--------+--------+-----+--------+
         Total |  14189 |  13728 |    461 |   1048 |  10529 |  13 | 1091.5 |
       Dungeon |  14038 |  13587 |    451 |   1048 |  10470 |  11 | 1276.2 |
        Temple |     78 |     69 |      9 |      0 |     51 |   1 |   78.0 |
      Gauntlet |     72 |     72 |      0 |      0 |      8 |   1 |   72.0 |
               +--------+--------+--------+--------+--------+-----+--------+

Top non-repeatable levels by time:
     D:1: 1591 daAuts
    D:10: 1581 daAuts
     D:4: 1574 daAuts
     D:6: 1531 daAuts
     D:7: 1529 daAuts
     D:8: 1342 daAuts
     D:3: 1332 daAuts
     D:5: 1322 daAuts
     D:9: 1107 daAuts
     D:2: 1055 daAuts
  Temple: 78 daAuts
Gauntlet: 72 daAuts
    D:11: 70 daAuts
